Map: 16-Bit LE

Players

llllllllllll

  • Race: Protoss Protoss
  • League: Diamond
  • Spawn Location: 1:00

BootyJorts - Winner!

  • Race: Zerg Zerg
  • League: Diamond
  • Spawn Location: 7:00

VOD

Have the link to the VOD?

Description

Time

  • Played on: June 23, 2018, 4:27 a.m.
  • Length: 24:07
Show
View Real Time Build Order
Export as new Build Order

llllllllllll Protoss 

Build Orders: 1 Gate Expand, Phoenix Opening, Zealot Archon 

Get SALT Encoding   

  12  0:01  Probe  
  13  0:13  Probe  
  14  0:20  Pylon  
  14  0:25  Probe  
  15  0:34  Probe  
  16  0:43  Probe  
  16  0:46  Gateway  
  17  0:53  Probe  
  18  1:18  Nexus  
  18  1:20  Probe  
  19  1:31  Assimilator  
  19  1:33  Probe  
  20  1:44  Cybernetics Core  
  20  1:50  Pylon  
  20  1:52  Probe  
  21  1:59  Assimilator  
  21  2:04  Probe  
  22  2:15  Adept  
  22  2:16  Probe  
  23  2:28  Probe  
  26  2:31  Probe  
  26  2:36  Assimilator  
  27  2:40  Probe, Adept  
  30  2:46  Stargate  
  30  2:53  Probe x2  
  30  2:55  Warp Gate  
  33  3:05  Probe  
  33  3:07  Probe  
  33  3:08  Zealot  
  36  3:17  Probe  
  36  3:19  Probe  
  38  3:26  Gateway  
  38  3:29  Probe  
  38  3:31  Probe  
  38  3:32  Phoenix  
  42  3:42  Probe  
  42  3:44  Probe  
  42  4:08  Phoenix  
  44  4:10  Probe x2  
  44  4:14  Twilight Council  
  44  4:16  Robotics Facility  
  46  4:19  Gateway  
  46  4:21  Gateway  
  46  4:30  Pylon  
  46  4:45  Pylon  
  46  4:48  Probe x2, Adept  
  50  4:55  Charge  
  50  5:00  Assimilator, Probe x2  
  50  5:01  Pylon  
  52  5:12  Probe x2  
  54  5:16  Warp Prism  
  54  5:21  Templar Archives  
  54  5:24  Probe x2  
  54  5:26  Forge  
  58  5:36  Probe x2  
  60  5:45  Nexus  
  60  5:47  Pylon  
  60  5:48  Probe x2  
  62  5:55  Psionic Storm  
  62  5:58  High Templar x4  
  70  6:04  Pylon  
  70  6:05  Archon, Probe x2  
  70  6:06  Archon  
  71  6:25  Probe x2  
  73  6:26  Protoss Ground Weapons Level 1  
  73  6:34  Zealot x2  
  73  6:37  Probe  
  78  6:41  Pylon  
  78  6:52  Photon Cannon  
  78  6:57  High Templar, Probe x2, Immortal  
  78  6:58  High Templar  
  78  7:00  Assimilator  
  88  7:01  High Templar  
  88  7:04  Assimilator  
  88  7:06  Pylon  
  90  7:09  Pylon, Probe x2  
  92  7:25  High Templar  
  94  7:33  Phoenix  
  94  7:34  Immortal  
  100  7:37  Pylon  
  100  7:41  Pylon  
  100  7:45  Gateway  
  100  7:48  Gateway  
  100  7:49  Zealot  
  100  7:50  Gateway, Zealot  
  98  7:54  Archon, Gateway  
  98  7:58  Zealot x2  
  82  8:06  Immortal  
  82  8:11  Robotics Facility, Protoss Ground Weapons Level 2  
  84  8:24  Pylon  
  84  8:27  Photon Cannon  
  84  8:29  Photon Cannon  
  84  8:31  Probe x3, Forge  
  87  8:42  High Templar x2  
  87  8:43  Probe x3  
  87  8:44  Protoss Shields Level 1  
  87  8:45  Nexus  
  87  8:46  Pylon  
  87  8:47  Archon  
  87  8:48  Pylon  
  95  8:55  Probe x2  
  95  8:59  Immortal  
  95  9:02  Immortal  
  100  9:07  Probe x2  
  100  9:08  Probe  
  107  9:15  High Templar x2  
  111  9:19  Probe x2  
  113  9:30  High Templar, Photon Cannon  
  115  9:33  Photon Cannon, Zealot x3  
  115  9:34  Shield Battery, Zealot  
  115  9:37  Shield Battery  
  123  9:48  Immortal x2  
  131  10:01  High Templar x2  
  131  10:06  Assimilator  
  135  10:13  Assimilator  
  125  10:18  High Templar x2  
  125  10:19  Zealot  
  125  10:20  Zealot x3  
  137  10:22  Immortal x2  
  137  10:26  Archon  
  137  10:27  Archon, Protoss Ground Weapons Level 3  
  137  10:32  Probe x2  
  137  10:33  Probe  
  137  10:34  Probe  
  149  10:39  Photon Cannon  
  149  10:44  Probe x2  
  151  10:50  Warp Prism, Immortal  
  151  10:54  High Templar  
  153  10:57  High Templar  
  161  11:06  Pylon  
  161  11:10  Pylon  
  161  11:13  Probe x3  
  164  11:20  High Templar x2  
  164  11:22  High Templar  
  164  11:23  Warp Prism  
  164  11:24  Zealot  
  164  11:25  Zealot x2  
  176  11:26  Archon  
  176  11:27  Observer  
  179  11:40  Fleet Beacon  
  179  11:42  Stargate  
  179  11:45  Gateway  
  179  11:46  Zealot x4  
  187  11:47  Gateway  
  187  11:57  Nexus  
  187  12:05  Observer  
  188  12:11  Pylon  
  188  12:13  Pylon  
  188  12:16  Stargate  
  188  12:17  Protoss Shields Level 2  
  188  12:18  Pylon  
  188  12:19  Protoss Air Weapons Level 1  
  188  12:21  Pylon  
  188  12:28  Pylon x2  
  189  12:30  Observer  
  189  12:32  Zealot x5  
  199  12:42  Zealot x2  
  199  12:43  Zealot  
  100  13:04  Carrier  
  100  13:05  Zealot x3  
  94  13:06  Immortal x2, Zealot  
  94  13:10  High Templar x4  
  94  13:11  High Templar x2  
  95  13:13  Carrier  
  109  13:22  Probe x3  
  109  13:23  Probe  
  105  13:27  Zealot  
  105  13:28  Zealot x3  
  119  13:37  Probe  
  119  13:38  Probe  
  119  13:39  Probe x2  
  123  13:55  Zealot  
  123  13:56  Zealot x2  
  125  14:03  Zealot x3  
  131  14:12  Carrier  
  131  14:15  Zealot x2  
  131  14:16  High Templar, Zealot  
  141  14:24  Carrier  
  141  14:27  Zealot x3  
  133  14:37  Zealot x3  
  133  14:38  Zealot  
  121  14:48  High Templar x2  
  121  14:49  High Templar x2  
  121  14:52  Archon  
  129  14:53  Archon  
  129  14:57  Probe x3  
  131  15:08  Zealot  
  131  15:12  Archon  
  133  15:20  Zealot x4  
  133  15:21  Zealot x2  
  125  15:31  Zealot x2  
  125  15:32  Zealot x2  
  113  15:45  High Templar x6  
  113  15:49  Archon x3  
  115  15:53  Zealot x3  
  115  15:54  Zealot  
  105  16:06  Immortal x2  
  105  16:14  Zealot x2  
Show
View Real Time Build Order
Export as new Build Order

BootyJorts Zerg - Winner!

Build Orders: Hatch First, Lurkers 

Get SALT Encoding   

  12  0:01  Drone  
  13  0:14  Overlord  
  13  0:18  Drone  
  14  0:32  Drone x2  
  16  0:35  Drone  
  17  0:55  Hatchery  
  16  0:58  Drone  
  17  1:12  Spawning Pool  
  16  1:18  Drone x2  
  18  1:30  Drone  
  18  1:31  Drone  
  20  1:49  Hatchery  
  20  1:53  Drone x2  
  21  2:06  Queen  
  23  2:10  Drone x2  
  25  2:16  Overlord  
  25  2:26  Queen  
  25  2:28  Drone  
  28  2:36  Drone x2  
  30  2:37  Drone  
  30  2:40  Drone  
  32  2:49  Drone  
  33  2:51  Drone  
  33  2:55  Overlord  
  34  3:00  Extractor x2  
  34  3:03  Roach Warren  
  34  3:04  Queen  
  33  3:07  Zergling x2  
  33  3:08  Zergling x2  
  35  3:14  Drone x2  
  35  3:15  Drone  
  38  3:25  Drone x3  
  41  3:34  Queen  
  41  3:37  Spore Crawler  
  41  3:38  Spore Crawler  
  41  3:41  Drone x3  
  44  3:49  Zergling x6  
  45  3:57  Drone x3  
  46  4:09  Drone x3  
  49  4:10  Overlord  
  49  4:11  Overlord  
  49  4:19  Overlord x2  
  49  4:20  Overlord  
  49  4:29  Lair  
  49  4:33  Drone, Evolution Chamber  
  49  4:34  Evolution Chamber, Drone x2  
  49  4:36  Drone  
  51  4:39  Drone  
  51  4:41  Drone x2  
  54  4:58  Spore Crawler, Drone  
  54  4:59  Drone x7  
  61  5:00  Drone  
  61  5:05  Drone x2  
  63  5:29  Drone x3, Extractor  
  63  5:30  Drone, Extractor  
  63  5:32  Overlord x3  
  63  5:33  Overlord x4  
  65  5:37  Glial Reconstitution  
  65  5:39  Zerg Missile Weapons Level 1  
  65  5:40  Zerg Ground Armor Level 1  
  65  5:53  Spore Crawler  
  65  5:54  Drone x2  
  65  5:55  Drone  
  67  5:58  Roach x6  
  67  5:59  Roach  
  81  6:10  Roach x4  
  89  6:12  Roach  
  89  6:16  Roach  
  93  6:21  Extractor  
  93  6:22  Extractor  
  93  6:24  Roach x3  
  95  6:28  Drone x2  
  95  6:30  Drone x3  
  95  6:32  Drone x4  
  102  6:40  Hydralisk Den  
  102  6:41  Roach x3  
  107  6:57  Hatchery  
  107  6:58  Roach  
  107  6:59  Roach x3  
  114  7:01  Overlord x2  
  114  7:02  Overlord x2  
  114  7:12  Grooved Spines  
  114  7:20  Roach x3  
  114  7:21  Roach x3  
  117  7:26  Queen  
  115  7:38  Roach  
  115  7:39  Roach x4  
  107  8:02  Drone x2  
  107  8:03  Drone x2  
  97  8:05  Roach  
  97  8:06  Roach x8  
  101  8:18  Zergling x2  
  101  8:19  Zergling x4  
  98  8:20  Metabolic Boost  
  98  8:22  Hydralisk  
  98  8:23  Muscular Augments  
  100  8:29  Drone x4  
  104  8:34  Zerg Missile Weapons Level 2  
  104  8:36  Lurker Den  
  103  8:41  Zerg Ground Armor Level 2  
  103  8:52  Queen  
  103  8:53  Drone  
  103  8:54  Drone x6  
  112  9:04  Drone  
  112  9:05  Drone x4  
  112  9:06  Queen  
  112  9:08  Queen  
  121  9:11  Hydralisk  
  121  9:14  Ravager x5  
  128  9:20  Drone x2, Extractor x2  
  128  9:21  Drone x2  
  128  9:23  Drone  
  128  9:24  Drone  
  132  9:45  Hydralisk x6  
  131  9:49  Overlord x4  
  139  10:18  Drone x2  
  139  10:19  Drone  
  143  10:21  Drone x2  
  143  10:28  Infestation Pit  
  143  10:33  Hydralisk  
  143  10:34  Hydralisk x12  
  169  10:55  Hydralisk x3  
  175  10:58  Overlord x6  
  175  11:07  Infestation Pit  
  175  11:08  Pneumatized Carapace  
  175  11:11  Drone x2  
  176  11:12  Spore Crawler  
  176  11:13  Spore Crawler x2  
  176  11:16  Zergling x2  
  176  11:17  Zergling x18  
  183  11:22  Overseer x2  
  183  11:38  Zergling x2  
  184  11:40  Zergling x2  
  184  11:46  Spire  
  184  11:47  Hive  
  174  11:54  Zergling x2  
  174  11:55  Zergling x10  
  174  11:58  Zergling x14  
  174  11:59  Zergling x10  
  192  12:02  Drone  
  193  12:12  Lurker  
  193  12:13  Lurker x6  
  200  12:23  Zerg Melee Weapons Level 1  
  145  13:03  Hydralisk  
  145  13:04  Hydralisk x15  
  145  13:05  Hydralisk x9  
  184  13:08  Zerg Missile Weapons Level 3  
  184  13:17  Spine Crawler  
  184  13:19  Spine Crawler  
  182  13:20  Spine Crawler  
  182  13:21  Spine Crawler  
  182  13:22  Drone x5  
  182  13:23  Drone x4  
  189  13:30  Greater Spire  
  189  13:31  Corruptor x3  
  195  13:37  Lurker  
  195  13:38  Lurker x2  
  168  14:37  Hydralisk x13  
  168  14:38  Hydralisk x4  
  195  14:47  Corruptor  
  195  14:52  Brood Lord  
  176  15:27  Hydralisk x6  
  176  15:28  Hydralisk x6  
  172  15:39  Brood Lord  
  168  16:02  Roach  
  168  16:03  Roach x11  
  170  16:17  Hydralisk  
  170  16:18  Hydralisk x3  
  166  16:43  Hydralisk x2  
  166  16:44  Hydralisk x6  
  166  16:46  Hatchery, Extractor  
  166  16:49  Corruptor  
  166  16:50  Corruptor x3, Extractor  
  166  16:52  Hatchery, Extractor  
  166  16:54  Lurker x4  
  166  16:55  Lurker x2, Extractor  
  166  17:57  Brood Lord x4  
  166  18:41  Spine Crawler  
  166  18:42  Spine Crawler  
  166  18:43  Spore Crawler  
  166  18:45  Spine Crawler  
  166  18:48  Spine Crawler  
  166  18:49  Spine Crawler  
  166  18:50  Spine Crawler  
  166  18:52  Spore Crawler  
  166  19:00  Spore Crawler  
  166  19:13  Spore Crawler, Spine Crawler  
  166  19:19  Spine Crawler  
  166  19:21  Spine Crawler  
  166  19:22  Spine Crawler  
  166  19:39  Zerg Melee Weapons Level 2, Zerg Ground Armor Level 3  
  166  19:41  Zerg Flyer Weapons Level 1  
  166  19:47  Spine Crawler  
  166  19:48  Spine Crawler  
  166  19:50  Overseer x2  
  166  20:25  Adaptive Talons  
  166  20:28  Pathogen Glands  
  166  21:25  Neural Parasite  
  166  21:30  Hydralisk x5  
  166  21:31  Hydralisk x4  
  166  21:32  Hydralisk x5  
  166  21:33  Hydralisk x2  
  166  21:48  Corruptor x3  
  166  21:49  Corruptor  
  166  22:28  Adrenal Glands  
  166  22:43  Hatchery, Extractor  
  166  22:47  Extractor  
  166  22:48  Hatchery, Extractor  
  166  22:52  Extractor  
  166  22:58  Brood Lord x4  
  166  23:00  Lurker x8  
Tags
 
Add a new tag
Caveats
  • Supply blocks, unpowered buildings, or Contaminate may cause inaccurate times.
  • Supply counts are checked every 10 seconds.